 Dungeon Crawl Stone Soup version 0.31-a0-690-g7ce4588941 (webtiles) character file.

Game seed: 381857224363079805

78717 Bnni the Impaler (level 16, -2/132 HPs)
             Began as a Formicid Fighter on Sept 6, 2023.
             Was an Initiate of Yredelemnul.
             Slain by a quicksilver ooze (16 damage)
             ... in an ice cave.
             The game lasted 00:49:52 (23368 turns).

Bnni the Impaler (Formicid Fighter)                Turns: 23368, Time: 00:49:53

Health: -2/132     AC: 18    Str: 28    XL:     16   Next: 9%
Magic:  23/28      EV:  6    Int:  9    God:    Yredelemnul [......]
Gold:   2195       SH: 12    Dex: 16    Spells: 15/15 levels left

rFire   . . .        q - +2 bardiche (heavy)
rCold   . . .        o - +0 kite shield
rNeg    . . .        C - +0 plate armour
rPois   +            (helmet unavailable)
rElec   .            J - +1 cloak
rCorr   .            L - +2 pair of gloves {Dex+3}
SInv    +            y - +0 pair of boots
Will    +....        g - amulet of magic regeneration Stlth
                     h - ring of flight
HPRegen 0.42/turn    k - ring of poison resistance
MPRegen 0.61/turn

%: no passive effects
@: engulfed (cannot breathe), flying
A: permanent stasis, dig shafts and tunnels, antennae 3, four strong arms
a: Dig, Renounce Religion, Recall Undead Harvest


You were in an ice cave.
You worshipped Yredelemnul.
Yredelemnul was most pleased with you.
You visited 4 branches of the dungeon, and saw 22 of its levels.
You also visited: Bailey and Ice Cave.

You collected 2542 gold pieces.
You spent 347 gold pieces at shops.

Inventory:

Hand Weapons
 e - a +0 orcbow
 q - a +2 heavy bardiche (weapon)
 R - a +1 glaive of venom
Missiles
 d - 42 boomerangs
 i - 27 poisoned darts
 u - 6 javelins
 D - 2 curare-tipped darts
Armour
 o - a +0 kite shield (worn)
 y - a +0 pair of boots (worn)
 C - a +0 plate armour (worn)
 J - a +1 cloak (worn)
 L - a +2 pair of gloves of dexterity (worn)
Magical Staves
 b - a staff of earth
Jewellery
 g - an amulet of magic regeneration (around neck)
 h - a ring of flight (left hand)
 k - a ring of poison resistance (right hand)
Wands
 r - a wand of roots (29)
 t - a wand of polymorph (4)
 w - a wand of flame (57)
 z - a wand of mindburst (3)
 A - a wand of digging (2)
 O - a wand of charming (4)
Scrolls
 f - 5 scrolls of fog
 m - 6 scrolls of vulnerability {unknown}
 n - 5 scrolls of poison
 s - 3 scrolls of enchant weapon
 x - 5 scrolls of immolation
 B - 4 scrolls of amnesia {unknown}
 E - a scroll of revelation
 F - 2 scrolls of fear
 H - 2 scrolls of enchant armour
 P - a scroll of torment {unknown}
 Q - 4 scrolls of summoning {unknown}
Potions
 a - 3 potions of invisibility
 c - 2 potions of brilliance {unknown}
 j - 10 potions of curing
 l - a potion of magic {unknown}
 p - a potion of enlightenment {unknown}
 v - 3 potions of mutation {unknown}
 I - 5 potions of haste {unknown}
 M - 3 potions of cancellation {unknown}
 N - a potion of attraction {unknown}
Miscellaneous
 K - a phial of floods


   Skills:
 + Level 13.9 Fighting
 * Level 18.8 Polearms
 - Level 3.7 Armour
 - Level 10.0 Shields
 * Level 16.6 Invocations


You had 15 spell levels left.
You didn't know any spells.
Your spell library contained the following spells:

 Spells                   Type           Power      Damage    Failure   Level
 Shock                    Conj/Air       0%         1d3       100%        1
 Slow                     Hex            0%         N/A       100%        1
 Summon Small Mammal      Summ           0%         N/A       100%        1
 Cigotuvi's Dreadful Rot  Necr/Pois/Air  0%         N/A       100%        2
 Ensorcelled Hibernation  Hex/Ice        0%         N/A       100%        2
 Lesser Beckoning         Tloc           0%         N/A       100%        2
 Passwall                 Tmut/Erth      0%         N/A       100%        2
 Call Canine Familiar     Summ           0%         N/A       100%        3
 Confusing Touch          Hex            0%         N/A       100%        3
 Dazzling Flash           Conj/Hex       0%         N/A       100%        3
 Frozen Ramparts          Ice            0%         1d1       100%        3
 Gell's Gravitas          Tloc           0%         N/A       100%        3
 Hailstorm                Conj/Ice       0%         3d3       100%        3
 Summon Guardian Golem    Hex/Summ       0%         N/A       100%        3
 Teleport Other           Tloc           0%         N/A       100%        3
 Vampiric Draining        Necr           0%         2d6       100%        3
 Anguish                  Hex/Necr       0%         N/A       100%        4
 Cause Fear               Hex            0%         N/A       100%        4
 Dispel Undead            Necr           0%         3d6       100%        4
 Enfeeble                 Hex            0%         N/A       100%        7
 Ozocubu's Refrigeration  Ice            0%         4d7       100%        7
 Spellforged Servitor     Conj/Summ      0%         N/A       100%        7
 Summon Horrible Things   Summ           0%         N/A       100%        8
 Swiftness                Air            Unusable   N/A       N/A         3
 Death Channel            Necr           Unusable   N/A       N/A         6
 Simulacrum               Ice/Necr       Unusable   N/A       N/A         6

Dungeon Overview and Level Annotations

Branches:
Dungeon (14/15)            Temple (1/1) D:6            Lair (5/5) D:10
 Shoals (0/4) Lair:2        Snake (0/4) Lair:2        Slime (0/5) Lair:5
    Orc (2/2) D:10            Elf (0/3) Orc:2        Vaults (0/5) D:13
 Bailey (visited)           IceCv (1/1)

Altars:
Ashenzari
Cheibriados
Dithmenos
Elyvilon
Fedhas
Gozag
Hepliaklqana
Kikubaaqudgha
Makhleb
Nemelex Xobeh
Okawaru
Qazlal
Ru
Sif Muna
Trog
Uskayaw
Vehumet
Wu Jian
Xom
Yredelemnul
Zin
The Shining One

Shops:
D:4 [   D:7 *   D:10 (   Orc:2 :[([


Innate Abilities, Weirdness & Mutations

You cannot be hasted, slowed, berserked, paralysed or teleported.
You can dig through walls and to a lower floor.
You have a pair of large antennae on your head. (SInv)
Your four strong arms can wield two-handed weapons with a shield.


Message History

You block the quicksilver ooze's attack.
Unknown command.
You closely miss the quicksilver ooze.
Your lungs strain for air!
The quicksilver ooze barely misses you.
The quicksilver ooze hits you but does no damage.
You block the quicksilver ooze's attack.
The quicksilver ooze hits you but does no damage.
The quicksilver ooze hits you. The quicksilver ooze hits you!
You feel your power leaking away.
You miss the quicksilver ooze.
Your lungs strain for air!
The quicksilver ooze barely misses you.
The quicksilver ooze hits you but does no damage.
You block the quicksilver ooze's attack.
The quicksilver ooze hits you but does no damage.
Unknown command.
You closely miss the quicksilver ooze.
Your lungs strain for air!
You block the quicksilver ooze's attack. x2
The quicksilver ooze barely misses you. x2; The quicksilver ooze hits you!
The quicksilver ooze closely misses you.
Unknown command.
You are too injured to fight recklessly!
Unknown command.
You are too injured to fight recklessly!
You closely miss the quicksilver ooze.
* * * LOW HITPOINT WARNING * * *
Your lungs strain for air!
You block the quicksilver ooze's attack.
The quicksilver ooze completely misses you.
The quicksilver ooze hits you!
* * * LOW HITPOINT WARNING * * *
The quicksilver ooze hits you but does no damage.
You barely miss the quicksilver ooze.
* * * LOW HITPOINT WARNING * * *
Your lungs strain for air!
The quicksilver ooze hits you!
You die...
Your body rises from the dead as a mindless zombie.

########.##
###.........#
##...........#
#......###....
#.....###### .
#........|)###
##.....##@J..#
##.....##.....# {
####...####....
## ##....####..
##...
###.....#####....
####.........#
####...#### ##.##
##.##


You could see a quicksilver ooze.

Vanquished Creatures
  An orc warlord (Bailey)
  A quicksilver ooze (IceCv)
  A vault guard (D:13)
  A hydra (Lair:4)
  4 catoblepae
  3 centaur warriors (D:13)
  3 boulder beetles
  3 two-headed ogres
  A death yak (Lair:4)
  2 orc high priests (Orc:2)
  A skyshark (Lair:5)
  A fire crab (shapeshifter) (D:13)
  A lindwurm (Lair:1)
  An orc knight (Orc:2)
  3 cyclopes
  An ugly thing (D:13)
  An orc sorcerer (Orc:2)
  8 elephants
  A black mamba (Lair:3)
  A molten gargoyle (Lair:2)
  5 torpor snails
  5 cane toads
  2 gargoyles
  2 freezing wraiths (D:14)
  3 komodo dragons
  A yaktaur (shapeshifter) (D:13)
  A kobold demonologist (D:12)
  4 trolls
  3 tyrant leeches (Lair:5)
  6 polar bears
  7 hornets
  17 blink frogs
  6 dream sheep
  A slime creature (D:11)
  A wraith (D:12)
  A basilisk (Lair:4)
  2 shadows
  3 wyverns
  32 yaks
  Eustachio (D:6)
  A human (D:12)
  3 hogs (D:12)
  4 vampire mosquitoes (D:12)
  2 wargs (Lair:5)
  An acid dragon (D:12)
  2 nagas (Lair:2)
  9 hell hounds (Lair:5)
  11 water moccasins
  18 orc warriors
  2 sky beasts
  3 ice beasts
  9 black bears
  A great orb of eyes simulacrum (IceCv)
  3 ogres
  10 centaurs
  15 wolves
  2 phantoms
  2 kobold brigands (D:9)
  10 bullfrogs
  Blork the orc (D:4)
  A gnoll sergeant (D:12)
  A glowing shapeshifter simulacrum (IceCv)
  5 scorpions
  3 wights (D:7)
  An electric eel (Lair:4)
  A howler monkey (D:11)
  2 jellies
  6 hounds
  2 gnoll boudas
  19 orc priests
  A sleepcap (D:7)
  3 iguanas
  23 orc wizards
  6 hell rats
  3 adders
  7 gnolls
  A shadow imp (D:6)
  5 white imps
  5 dart slugs
  99 orcs
  A ball python (D:2)
  8 bats
  5 endoplasms
  4 giant cockroaches
  26 goblins
  9 hobgoblins
  3 jackals
  2 quokkas (D:1)
  4 frilled lizards
  29 kobolds
  A rat (D:2)
537 creatures vanquished.

Vanquished Creatures (collateral kills)
  An orc warlord (Orc:1)
  A dire elephant (Lair:5)
  2 hydras
  3 two-headed ogres
  The ghost of Kiciri the Grappler, a novice DrSh of Sif Muna (D:8)
  A lindwurm (Lair:5)
  A deep elf pyromancer (D:12)
  2 cyclopes
  An ugly thing (D:11)
  2 orc sorcerers
  3 elephants (Lair:3)
  A black mamba (Lair:3)
  2 torpor snails (Lair:5)
  A rime drake (Lair:1)
  3 komodo dragons
  4 cane toads
  2 tengu conjurers (D:14)
  2 trolls (Orc:1)
  A tyrant leech (Lair:5)
  8 blink frogs
  2 hornets (Lair:5)
  6 polar bears
  A shadow (D:11)
  2 slime creatures (D:11)
  A wyvern (Lair:5)
  12 yaks
  3 vampire mosquitoes (D:12)
  3 wargs
  7 hell hounds (Lair:5)
  An acid dragon (D:13)
  4 water moccasins
  9 orc warriors
  5 black bears (Lair:5)
  7 wolves
  3 centaurs
  3 ogres
  2 bullfrogs (Lair:4)
  A howler monkey (D:11)
  4 orc priests
  5 orc wizards
  8 hell rats
  3 gnolls (D:12)
  18 orcs
  2 butterflies (Lair:4)
154 creatures vanquished.

Vanquished Creatures (others)
  4 centaur zombies
  A spectral elephant (Lair:4)
  A spectral raiju (Lair:5)
  A spectral troll (D:12)
  A cane toad zombie (Lair:4)
  2 two-headed ogre zombies
  A lindwurm zombie (Lair:5)
  7 blink frog zombies
  An elephant zombie (Lair:4)
  3 vampire mosquito zombies (D:12)
  A wyvern zombie (Lair:5)
  7 hell hound zombies (Lair:5)
  2 water moccasin zombies
  A warg zombie (Lair:5)
  A troll zombie (D:10)
  A tengu zombie (D:14)
  4 polar bear zombies (Lair:5)
  8 yak zombies
  5 wolf zombies
  A bullfrog zombie (Lair:3)
  8 black bear zombies (Lair:5)
  A hell rat zombie (Lair:3)
  2 gnoll zombies (D:12)
  4 kobold zombies (D:9)
  31 orc zombies
99 creatures vanquished.

Grand Total: 790 creatures vanquished

Notes
Turn   | Place    | Note
-------+----------+-------------------------------------------
     0 | D:1      | Bnni the Formicid Fighter began the quest for the Orb.
     0 | D:1      | Reached XP level 1. HP: 18/18 MP: 1/1
   194 | D:1      | Reached XP level 2. HP: 24/24 MP: 2/2
   669 | D:2      | Reached XP level 3. HP: 28/29 MP: 3/3
   931 | D:2      | Found a snail-covered altar of Cheibriados.
  1210 | D:2      | Reached XP level 4. HP: 37/37 MP: 4/4
  1444 | D:3      | Found a shimmering blue altar of Sif Muna.
  1444 | D:3      | Found a sacrificial altar of Ru.
  1599 | D:3      | Reached skill level 3 in Polearms
  1842 | D:3      | Reached skill level 5 in Shields
  2102 | D:4      | Found Fikiergha's Antique Armour Shoppe.
  2108 | D:4      | Noticed a scorpion
  2118 | D:4      | Killed a scorpion
  2119 | D:4      | Reached XP level 5. HP: 21/42 MP: 5/5
  2344 | D:4      | Reached XP level 6. HP: 25/48 MP: 6/6
  2456 | D:4      | Reached skill level 4 in Polearms
  2677 | D:4      | Reached XP level 7. HP: 39/55 MP: 7/7
  2843 | D:4      | Noticed Blork the orc
  2857 | D:4      | Killed Blork the orc
  3111 | D:4      | Reached skill level 5 in Fighting
  3111 | D:4      | Reached skill level 5 in Polearms
  3388 | D:4      | Reached XP level 8. HP: 61/62 MP: 8/8
  3701 | D:5      | Entered Level 5 of the Dungeon
  4087 | D:4      | Reached skill level 6 in Polearms
  4919 | D:6      | Reached XP level 9. HP: 69/69 MP: 9/9
  4962 | D:6      | Found a staircase to the Ecumenical Temple.
  4971 | Temple   | Entered the Ecumenical Temple
  4987 | D:6      | Reached skill level 7 in Polearms
  5174 | D:6      | Noticed Eustachio
  5237 | D:6      | Killed Eustachio
  5698 | D:6      | Reached skill level 10 in Shields
  5948 | D:7      | Reached skill level 8 in Polearms
  6129 | D:7      | Found Peaman's Island Escapes.
  6137 | D:7      | Bought 2 potions of invisibility for 160 gold pieces
  6151 | D:7      | Found a flagged portal.
  6179 | Bailey   | Entered a bailey
  6184 | Bailey   | Noticed an orc warlord
  6366 | Bailey   | Reached skill level 9 in Polearms
  6447 | Bailey   | Found a runed translucent gate.
  6450 | Bailey   | Found a runed translucent gate.
  6452 | Bailey   | Found a runed translucent gate.
  6472 | Bailey   | Reached XP level 10. HP: 30/80 MP: 10/10
  7199 | Bailey   | Killed an orc warlord
  7200 | Bailey   | Reached skill level 10 in Polearms
  7943 | D:8      | Found a basalt altar of Yredelemnul.
  7950 | D:8      | Became a worshipper of Yredelemnul the Dark
  7951 | D:8      | Reached skill level 13 in Polearms
  7951 | D:8      | Reached XP level 11. HP: 87/87 MP: 10/16
  8057 | D:8      | Reached * piety under Yredelemnul
  8135 | D:8      | Reached ** piety under Yredelemnul
  8319 | D:8      | Found a runed translucent gate.
  8321 | D:8      | Found a runed translucent gate.
  8322 | D:8      | Found a runed translucent gate.
  8324 | D:8      | Noticed Kiciri's ghost (novice DrSh)
  8343 | D:8      | Killed Kiciri's ghost
  8527 | D:9      | Found a broken altar of Ashenzari.
  8538 | D:9      | Noticed a two-headed ogre
  8544 | D:9      | Noticed a two-headed ogre
  8547 | D:9      | Killed a two-headed ogre
  8558 | D:9      | Killed a two-headed ogre
  8559 | D:9      | Reached skill level 14 in Polearms
  8559 | D:9      | Reached XP level 12. HP: 86/97 MP: 17/17
  8795 | D:9      | Reached *** piety under Yredelemnul
  8945 | D:9      | Found a blossoming altar of Fedhas.
  9114 | D:10     | Entered Level 10 of the Dungeon
  9274 | D:10     | Found Nuklabb's Weapon Boutique.
  9274 | D:10     | Found a staircase to the Orcish Mines.
  9297 | D:10     | Reached skill level 10 in Fighting
  9528 | D:10     | Found a staircase to the Lair.
  9830 | D:10     | Found a runed translucent door.
 10348 | D:11     | Noticed a boulder beetle
 10358 | D:11     | Killed a boulder beetle
 10439 | D:11     | Noticed a two-headed ogre
 10445 | D:11     | Killed a two-headed ogre
 10655 | D:11     | Reached **** piety under Yredelemnul
 10655 | D:11     | Reached ***** piety under Yredelemnul
 10935 | D:12     | Reached skill level 15 in Polearms
 11175 | D:12     | Noticed a two-headed ogre
 11176 | D:12     | Noticed a two-headed ogre
 11191 | D:12     | Killed a two-headed ogre
 11192 | D:12     | Reached XP level 13. HP: 59/105 MP: 17/20
 11195 | D:12     | Reached skill level 10 in Invocations
 12235 | D:13     | Noticed a centaur warrior
 12243 | D:13     | Killed a centaur warrior
 12300 | D:13     | Noticed a centaur warrior
 12306 | D:13     | Noticed a vault guard
 12308 | D:13     | Killed a centaur warrior
 12326 | D:13     | Killed a vault guard
 12570 | D:13     | Found a gate to the Vaults.
 12691 | D:13     | HP: 1/106 [fire crab (shapeshifter)] (23)]
 13028 | D:13     | Reached skill level 16 in Polearms
 13515 | D:13     | Noticed a catoblepas
 13524 | D:13     | Killed a catoblepas
 13598 | D:13     | Noticed a centaur warrior
 13604 | D:13     | Killed a centaur warrior
 13766 | Lair:1   | Entered Level 1 of the Lair of Beasts
 14059 | Lair:1   | Noticed a five-headed hydra
 14071 | Lair:1   | Killed a seven-headed hydra
 14444 | Lair:2   | Reached XP level 14. HP: 101/114 MP: 23/23
 14629 | Lair:2   | Found a staircase to the Shoals.
 15035 | Lair:2   | Found a staircase to the Snake Pit.
 15549 | Lair:3   | Reached ****** piety under Yredelemnul
 15892 | Lair:3   | Reached skill level 17 in Polearms
 16922 | Lair:4   | Got the Essays on Prime Command
 18359 | Lair:5   | Entered Level 5 of the Lair of Beasts
 18389 | Lair:5   | Reached XP level 15. HP: 74/122 MP: 25/25
 18902 | Lair:5   | Reached skill level 15 in Invocations
 19319 | Lair:5   | Reached skill level 18 in Polearms
 19847 | Lair:5   | Found an ancient bone altar of Kikubaaqudgha.
 20090 | Lair:5   | Identified a scroll of acquirement
 20091 | Lair:5   | Acquired a +2 heavy bardiche
 20123 | Lair:5   | Found a runed translucent door.
 20704 | Lair:5   | Found a staircase to the Slime Pits.
 20728 | Lair:5   | Got Sif Muna's Enchiridion on the Glacier
 21219 | Orc:1    | Entered Level 1 of the Orcish Mines
 21248 | Orc:1    | Noticed an orc warlord
 21259 | Orc:1    | Killed an orc warlord
 21598 | Orc:2    | Entered Level 2 of the Orcish Mines
 21746 | Orc:2    | Found Louss's Book Shop.
 21859 | Orc:2    | Found Nuefal's Antique Armour Shoppe.
 22068 | Orc:2    | Found a staircase to the Elven Halls.
 22193 | Orc:2    | Noticed an orc warlord
 22203 | Orc:2    | Killed an orc warlord
 22203 | Orc:2    | Charmed an orc warlord
 22212 | Orc:2    | Found Ifuch's Antique Weapon Boutique.
 22223 | Orc:2    | Found Mucucle's Antique Armour Shop.
 22236 | Orc:2    | Reached XP level 16. HP: 117/132 MP: 28/28
 22875 | Orc:2    | Bought an embroidered cloak for 187 gold pieces
 23048 | D:14     | Found a frozen archway.
 23067 | D:14     | HP: 5/132 [tengu conjurer/bolt of lightning (15)]
 23318 | IceCv    | Entered an ice cave
 23368 | IceCv    | Slain by a quicksilver ooze

Illustrated notes

Levels and vault maps discovered:
D:1:      dpeg_arrival_shelter, layout_loops_ring
D:2:      layout_basic, basic_altar
D:3:      layout_loops_cross, gammafunk_temple_overflow_pools
D:4:      layout_loops_ring, serial_shops, nicolae_stop_n_shop_1, serial_glass,
          glass_columns_a, glass_columns_a, kennysheep_orc_chapel,
          uniq_blork_the_orc
D:5:      layout_rooms, minmay_ogre_servants
D:6:      layout_loops_cross, minmay_temple_entry_crystal_x,
          hangedman_abyss_or_decor_lesser_grid, uniq_eustachio
D:7:      minmay_bubble_buster, layout_loops_corners, enter_bailey_4,
          nicolae_island_escapes
D:8:      layout_basic, mainiacjoe_overflow_cross_hatched, serial_glass,
          glass_columns_b, glass_columns_a, glass_columns_c, glass_columns_a,
          glass_columns_c, glass_columns_a, glass_columns_a, glass_columns_b,
          glass_columns_c, glass_columns_a, gammafunk_ghost_spectres,
          minmay_liquid_box
D:9:      layout_big_octagon, fedhas_ov_isle_minmay, evilmike_ruin_ashenzari
D:10:     layout_rooms, lair_entry_dummy, orc_david_3, lightli_church_of_beogh
D:11:     layout_rooms
D:12:     layout_long_grid, grunt_livestock
D:13:     layout_irregular_city, david_vaults_5
D:14:     layout_roguey, portal_ice_cave_entry_frozen_things,
          roderic_serpentine_path, uniq_rupert
Temple:   sentei_temple_godly_chess
Lair:1:   layout_hall_layers, hangedman_lair_generics_rect
Lair:2:   layout_gridlike, elwin_shoals_entry_rocks, guppyfry_snake_entry_garden
Lair:3:   layout_roguey
Lair:4:   layout_layer_cave, dreamdust_gnoll_shepherd, grunt_megastairs_3,
          lemuel_fruit_fields, infiniplex_staircase_pool
Lair:5:   hangedman_lair_caniforms_friends, layout_regular_city, wormcave,
          slime_entry_1, lemuel_centaur_altar
Orc:1:    layout_caves
Orc:2:    grunt_orc_community_town_hall, layout_caves,
          grunt_orc_community_big_house_2, grunt_orc_community_big_house_1,
          grunt_orc_community_house_2, grunt_orc_community_house_1,
          grunt_orc_community_house_3, grunt_orc_community_house_3,
          grunt_orc_community_house_2
IceCv:    ice_cave_hellmonk_azure_passage

Skill      XL: |  1  2  3  4  5  6  7  8  9 10 11 12 13 14 15 |
---------------+----------------------------------------------+-----
Polearms       | 3 4 5 6 9 13 14 15 16 17 18 | 18.8
Fighting       | 4 5 6 7 8 9 10 11 12 13 | 13.9
Shields        | 5 6 7 9 10 | 10.0
Invocations    | 6 9 12 14 16 | 16.6
Armour         | |  3.7

Action                     |  1- 3 |  4- 6 |  7- 9 | 10-12 | 13-15 | 16-18 || total
---------------------------+-------+-------+-------+-------+-------+-------++-------
  Melee: Trident           |    81 |   178 |   384 |       |       |       ||   643
         Halberd           |       |       |    99 |   281 |       |       ||   380
         Glaive            |       |       |       |   104 |   948 |    31 ||  1083
         Bardiche          |       |       |       |       |       |    11 ||    11
   Fire: Orcbow            |       |       |       |    23 |       |       ||    23
  Throw: Dart              |       |     3 |     6 |    18 |     1 |       ||    28
 Invoke: Recall Undead Har |       |       |       |     6 |    24 |     2 ||    32
         Dark Bargain      |       |       |       |     3 |     8 |       ||    11
         Bind Soul         |       |       |       |     1 |     5 |       ||     6
         Drain Life        |       |       |       |       |     1 |       ||     1
Ability: Dig               |       |       |       |     1 |     1 |       ||     2
  Evoke: Wand              |       |     3 |     6 |     1 |     1 |       ||    11
         Phial of floods   |       |       |       |       |     1 |       ||     1
    Use: Potion            |       |     1 |       |     1 |     3 |     1 ||     6
         Scroll            |       |       |     5 |     4 |     7 |     1 ||    17
   Stab: Distracted        |       |       |       |     2 |    13 |       ||    15
         Petrified         |       |       |       |       |     1 |       ||     1
 Armour: Scale mail        |    38 |       |       |       |       |       ||    38
         Ring mail         |     7 |    66 |       |       |       |       ||    73
         Chain mail        |       |    37 |   257 |       |       |       ||   294
         Plate armour      |       |       |    20 |   225 |   635 |    42 ||   922
  Dodge: Dodged            |    35 |    47 |   111 |    45 |   153 |     9 ||   400
  Block: Buckler           |    20 |       |       |       |       |       ||    20
         Kite shield       |       |    74 |   256 |   158 |   460 |    22 ||   970

Table legend: (Time is in decaauts)
 A = Elapsed time spent in this place.
 B = Non-inter-level travel time spent in this place.
 C = Inter-level travel time spent in this place.
 D = Time resting spent in this place.
 E = Time spent auto-exploring this place.
 F = Levels seen in this place.
 G = Mean time per level.
                   A        B        C        D        E       F      G
               +--------+--------+--------+--------+--------+-----+--------+
         Total |  23394 |  22516 |    878 |   3708 |  14013 |  24 |  974.8 |
       Dungeon |  13133 |  12680 |    453 |   2058 |   8083 |  14 |  938.1 |
        Temple |      1 |      1 |      0 |      0 |      0 |   1 |    1.0 |
          Lair |   7380 |   7127 |    253 |   1136 |   4776 |   5 | 1476.0 |
  Orcish Mines |   1671 |   1500 |    171 |     27 |    895 |   2 |  835.5 |
        Bailey |   1152 |   1152 |      0 |    485 |    259 |   1 | 1152.0 |
      Ice Cave |     54 |     54 |      0 |      2 |      0 |   1 |   54.0 |
               +--------+--------+--------+--------+--------+-----+--------+

Top non-repeatable levels by time:
  Lair:5: 2748 daAuts
     D:4: 2143 daAuts
  Lair:4: 2027 daAuts
    D:13: 1642 daAuts
   Orc:2: 1281 daAuts
    D:12: 1233 daAuts
  Bailey: 1152 daAuts
     D:7: 1088 daAuts
  Lair:3: 1047 daAuts
    D:10: 1028 daAuts
  Lair:2: 917 daAuts
     D:6: 902 daAuts
    D:11: 853 daAuts
     D:3: 792 daAuts
     D:2: 676 daAuts
